 Dungeon Crawl Stone Soup version 0.21.1-1-g345015fe64 (webtiles) character file.

104 Gobser the Sneak (level 4, -9/32 HPs)
             Began as a Gnoll Wanderer on Feb 26, 2018.
             Mangled by NihilVerum's ghost (13 damage)
             ... on level 3 of the Dungeon.
             The game lasted 00:15:55 (2975 turns).

Gobser the Sneak (Gnoll Wanderer)                   Turns: 2975, Time: 00:15:55

Health: -9/32      AC:  6    Str: 13    XL:     4   Next: 80%
Magic:  8/8        EV: 16    Int: 15    God:
Gold:   189        SH:  8    Dex: 23    Spells: 5/9 levels left

rFire    . . .     SeeInvis .   a - +4 dagger
rCold    . . .     Gourm    .   m - +0 shield
rNeg     . . .     Faith    .   k - +1 leather armour
rPois    .         Spirit   .   h - +1 hat
rElec    .         Reflect  .   (no cloak)
rCorr    .         Harm     .   l - +0 pair of gloves
MR       .....     Clarity  +   (no boots)
Stlth    +++++.....             (no amulet)
HPRegen  0.10/turn              (no ring)
MPRegen  0.11/turn              (no ring)

@: agile
A: distributed training, antennae 1, fangs 1, blink, clarity, clever 1, strong
nose
a: Blink


You were on level 3 of the Dungeon.
You were hungry.

You visited 1 branch of the dungeon, and saw 3 of its levels.

You collected 189 gold pieces.

Inventory:

Hand Weapons
 a - a +4 dagger (weapon)
 o - a +1 spear of freezing
Missiles
 i - 27 poisoned needles
Armour
 e - a +0 robe
 h - a +1 hat (worn)
 k - a +1 leather armour (worn)
 l - a +0 pair of gloves (worn)
 m - a +0 shield (worn)
 p - a +0 pair of gloves
Scrolls
 b - a scroll of fear
 j - a scroll of teleportation
Books
 c - the Almanac of Companions

   Spells                             Type                      Level
   a - Summon Small Mammal            Summoning                    1
   b - Summon Guardian Golem          Hexes/Summoning              3
Comestibles
 f - 3 rations


   Skills:
 + Level 1.2 Fighting
 + Level 1.2 Short Blades
 + Level 1.2 Long Blades
 + Level 1.2 Axes
 + Level 1.2 Maces & Flails
 + Level 1.2 Polearms
 + Level 1.2 Staves
 + Level 1.2 Slings
 + Level 1.2 Bows
 + Level 1.2 Crossbows
 + Level 1.2 Throwing
 + Level 1.2 Armour
 + Level 2.8 Dodging
 + Level 6.1 Stealth
 + Level 1.2 Shields
 + Level 1.2 Unarmed Combat
 + Level 3.0 Spellcasting
 + Level 1.0 Conjurations
 + Level 5.5 Hexes
 + Level 1.0 Charms
 + Level 1.0 Summonings
 + Level 1.0 Necromancy
 + Level 1.0 Translocations
 + Level 2.3 Transmutations
 + Level 1.0 Fire Magic
 + Level 1.0 Ice Magic
 + Level 1.0 Air Magic
 + Level 1.0 Earth Magic
 + Level 1.0 Poison Magic
 + Level 1.3 Invocations
 + Level 2.8 Evocations


You had 5 spell levels left.
You knew the following spells:

 Your Spells              Type           Power        Failure   Level  Hunger
a - Summon Small Mammal   Summ           #...         69%         1    #......
b - Summon Guardian Gole  Hex/Summ       ##......     75%         3    ###....


Dungeon Overview and Level Annotations

Branches:
Dungeon (3/15)

Altars:
Elyvilon

Annotations:
D:3 NihilVerum's ghost, amateur TrHu


Innate Abilities, Weirdness & Mutations

Your experience applies equally to all skills.
You have very sharp teeth.
Your uncanny sense of smell can sniff out nearby items.
You have a pair of small antennae on your head.
You can translocate small distances at will.
You possess an exceptional clarity of mind.
Your mind is acute. (Int +2)


Message History

You block NihilVerum's ghost's attack. You block the giant cockroach's attack.
The giant cockroach barely misses you.
You see here a scroll of noise.
The giant cockroach misses you.
You blink.
You feel slightly more hungry.
You see here 9 bolts.
Found a glowing chain mail.
Found a ration.
You see here 3 gold pieces.
The giant cockroach completely misses you.
The giant cockroach bites you but does no damage.
You see here a scroll labeled IPTOLI FIGIM.
d - a scroll labeled IPTOLI FIGIM The giant cockroach misses you.
As you read the scroll labeled IPTOLI FIGIM, it crumbles to dust.
The scroll dissolves into smoke.
It was a scroll of fog.
The giant cockroach bites you but does no damage.
You block the giant cockroach's attack. NihilVerum's ghost hits you!
You die...

..........#............
.#.#.......#.##.........
.............##.......##
.#.#[......#.#(.####.###
...........#....# #..##.
.#.#..§§§.§..##.###.#...
......§§§§.#.##.##..#.##
.#.#...§W§$#.##>......#.
.......@s§......#..####.
####.##§..>...#...##....
# #...#.###..#...###
##....##.....#####
#.....#...#####..
.%....###.###...#
#......###.....###
.....#.....### #.....#


You could see NihilVerum's ghost and a giant cockroach.

Vanquished Creatures
  A hound (D:2)
  3 adders (D:2)
  A worm (D:2)
  An orc (D:3)
  3 bats
  3 goblins (D:1)
  5 hobgoblins
  6 jackals
  3 quokkas (D:2)
  2 ball pythons
  6 frilled lizards
  3 kobolds
  5 rats
42 creatures vanquished.

Vanquished Creatures (others)
  A rat (D:2)
1 creature vanquished.

Grand Total: 43 creatures vanquished

Notes
Turn   | Place    | Note
-------+----------+-------------------------------------------
     0 | D:1      | Gobser the Gnoll Wanderer began the quest for the Orb.
     0 | D:1      | Gobser set off with: a +2 dagger, a scroll of fear, the Almanac of Companions, a potion of curing, a +0 robe, a ration
     0 | D:1      | Reached XP level 1. HP: 13/13 MP: 4/4
     1 | D:1      | Identified the Almanac of Companions
     3 | D:1      | Learned a level 1 spell: Summon Small Mammal
   108 | D:1      | Reached XP level 2. HP: 16/19 MP: 5/5
   954 | D:2      | Reached XP level 3. HP: 25/25 MP: 7/7
   959 | D:2      | Reached skill level 6 in Stealth
   991 | D:2      | Found a white marble altar of Elyvilon.
  1085 | D:2      | Learned a level 3 spell: Summon Guardian Golem
  1229 | D:2      | Reached skill level 1 in Invocations
  1520 | D:2      | Reached skill level 1 in Fighting
  1520 | D:2      | Reached skill level 1 in Short Blades
  1520 | D:2      | Reached skill level 1 in Long Blades
  1520 | D:2      | Reached skill level 1 in Axes
  1520 | D:2      | Reached skill level 1 in Maces & Flails
  1520 | D:2      | Reached skill level 1 in Polearms
  1520 | D:2      | Reached skill level 1 in Staves
  1520 | D:2      | Reached skill level 1 in Slings
  1520 | D:2      | Reached skill level 1 in Bows
  1520 | D:2      | Reached skill level 1 in Crossbows
  1520 | D:2      | Reached skill level 1 in Throwing
  1520 | D:2      | Reached skill level 1 in Armour
  1520 | D:2      | Reached skill level 1 in Shields
  1520 | D:2      | Reached skill level 1 in Unarmed Combat
  1520 | D:2      | Reached XP level 4. HP: 17/32 MP: 5/8
  2117 | D:2      | Noticed a spatial vortex
  2140 | D:2      | Noticed a spatial vortex
  2253 | D:2      | Gained mutation: You have a pair of small antennae on your head. [potion of mutation]
  2253 | D:2      | Gained mutation: You can translocate small distances at will. [potion of mutation]
  2253 | D:2      | Gained mutation: You possess an exceptional clarity of mind. [potion of mutation]
  2253 | D:2      | Gained mutation: Your mind is acute. (Int +2) [potion of mutation]
  2328 | D:2      | Reached skill level 1 in Conjurations
  2328 | D:2      | Reached skill level 1 in Charms
  2328 | D:2      | Reached skill level 1 in Summonings
  2328 | D:2      | Reached skill level 1 in Necromancy
  2328 | D:2      | Reached skill level 1 in Translocations
  2328 | D:2      | Reached skill level 1 in Fire Magic
  2328 | D:2      | Reached skill level 1 in Ice Magic
  2328 | D:2      | Reached skill level 1 in Air Magic
  2328 | D:2      | Reached skill level 1 in Earth Magic
  2328 | D:2      | Reached skill level 1 in Poison Magic
  2883 | D:3      | Noticed NihilVerum's ghost (amateur TrHu)
  2975 | D:3      | Mangled by NihilVerum's ghost

Skill      XL: |  1  2  3  4 |
---------------+-------------+-----
Transmutations | 2 |  2.3
Stealth        | 6 |  6.1
Invocations    | 1 |  1.3
Fighting       | 1 |  1.2
Short Blades   | 1 |  1.2
Long Blades    | 1 |  1.2
Axes           | 1 |  1.2
Maces & Flails | 1 |  1.2
Polearms       | 1 |  1.2
Staves         | 1 |  1.2
Slings         | 1 |  1.2
Bows           | 1 |  1.2
Crossbows      | 1 |  1.2
Throwing       | 1 |  1.2
Armour         | 1 |  1.2
Shields        | 1 |  1.2
Unarmed Combat | 1 |  1.2
Spellcasting   | 3 |  3.0
Conjurations   | 1 |  1.0
Charms         | 1 |  1.0
Summonings     | 1 |  1.0
Necromancy     | 1 |  1.0
Translocations | 1 |  1.0
Fire Magic     | 1 |  1.0
Ice Magic      | 1 |  1.0
Air Magic      | 1 |  1.0
Earth Magic    | 1 |  1.0
Poison Magic   | 1 |  1.0
Dodging        | |  2.8
Hexes          | |  5.5
Evocations     | |  2.8

Action                   |  1- 3 |  4- 6 || total
-------------------------+-------+-------++-------
Melee: Dagger            |    83 |    99 ||   182
       Bite              |     5 |    14 ||    19
 Cast: Summon Small Mamm |       |     3 ||     3
 Abil: Blink             |       |     2 ||     2
  Use: Scroll            |     4 |     4 ||     8
       Potion            |       |     8 ||     8
 Stab: Sleeping          |    11 |     6 ||    17
       Distracted        |     1 |       ||     1
  Eat: Ration            |     1 |     1 ||     2
Armor: Robe              |     5 |       ||     5
       Leather armour    |    19 |    45 ||    64
Dodge: Dodged            |    42 |    52 ||    94
Block: Shield            |     9 |    59 ||    68
